 Dungeon Sprint DCSS version 0.21-a0-297-ga3d34c2 (webtiles) character file.

24 potatolord6000 the Conjurer (level 3, 0/20 HPs)
             Began as a Tengu Conjurer on Sept 28, 2017.
             Was a Follower of Sif Muna.
             Slain by a river rat (7 damage)
             ... in the Dungeon (Sprint VII: "The Pits").
             The game lasted 00:01:26 (522 turns).

potatolord6000 the Conjurer (Tengu Conjurer)         Turns: 522, Time: 00:01:27

Health: 0/20       AC:  2    Str:  8    XL:     3   Next: 2%
Magic:  3/8        EV: 14    Int: 16    God:    Sif Muna [*.....]
Gold:   0          SH:  0    Dex: 14    Spells: 5/8 levels left

rFire    . . .     SeeInvis .   p - +2 falchion
rCold    . . .     Gourm    .   (no shield)
rNeg     . . .     Faith    .   a - +0 robe
rPois    .         Spirit   .   (helmet restricted)
rElec    .         Reflect  .   (no cloak)
rCorr    .         Harm     .   (no gloves)
MR       .....     NoTele   +   (boots unavailable)
Stlth    ++........             (no amulet)
HPRegen  0.06/turn              (no ring)
MPRegen  0.11/turn              (no ring)

@: hasted, very quick
A: beak, talons 3
a: Divine Energy, Renounce Religion


You were in the Dungeon.
You worshipped Sif Muna.
Sif Muna was aware of your devotion.
You were not hungry.

You visited 1 branch

Inventory:

Hand Weapons
 p - a +2 falchion (weapon)
Armour
 a - a +0 robe (worn)
Scrolls
 i - a scroll of blinking
 k - 3 scrolls of remove curse
 l - 5 scrolls of amnesia
 m - a scroll of summoning
Potions
 d - a potion of curing
 g - 4 potions of magic
 h - 3 potions of berserk rage
 j - 2 potions of invisibility
Books
 b - a book of Conjurations

   Spells                             Type                      Level
   a - Magic Dart                     Conjuration                  1
   b - Searing Ray                    Conjuration                  2
   c - Dazzling Spray                 Conjuration/Hexes            3
   d - Fulminant Prism                Conjuration/Hexes            4
   e - Force Lance                    Conjuration/Translocation    4
   f - Iskenderun's Mystic Blast      Conjuration                  4
Comestibles
 c - 8 bread rations
 n - 40 fruits
 o - 7 meat rations


   Skills:
 + Level 1.6 Fighting
 + Level 1.8 Long Blades
 + Level 3.6 Dodging
 - Level 2.0 Stealth
 + Level 3.2 Spellcasting
 + Level 6.5 Conjurations


You had 5 spell levels left.
You knew the following spells:

 Your Spells              Type           Power        Failure   Level  Hunger
a - Magic Dart            Conj           ###.         1%          1    None
b - Searing Ray           Conj           ###...       1%          2    ##.....


Dungeon Overview and Level Annotations

Branches:
Dungeon (1/1)

Altars:
Ashenzari
Cheibriados
Dithmenos
Elyvilon
Fedhas
Gozag
Hepliaklqana
Kikubaaqudgha
Makhleb
Nemelex Xobeh
Okawaru
Qazlal
Ru
Sif Muna
Trog
Uskayaw
Vehumet
Wu Jian
Xom
Yredelemnul
Zin
The Shining One
Beogh
Jiyva
Lugonu


Innate Abilities, Weirdness & Mutations

You have a beak for a mouth.
You have claws for feet.


Message History

The river rat bites you. The gnoll closely misses you.
You riposte.
You hit the gnoll. You peck the gnoll.
The gnoll is severely wounded.
You feel much better. The river rat bites you!
Ouch! That really hurt!
The gnoll barely misses you.
You riposte.
You hit the gnoll but do no damage. You claw the gnoll.
You kill the gnoll!
Sif Muna accepts your kill.
You can now request divine energy to cast spells with insufficient magic.
You have reached level 3!
Your experience leads to an increase in your attributes!
Increase (S)trength, (I)ntelligence, or (D)exterity?
You feel clever.
Unknown command.
Unknown command.
Unknown command.
Unknown command.
You feel yourself speed up. The river rat bites you!
You die...

_________.# _________.#
_______...###########++
##########'##...........
#.?(.')))'.##......#..#.
##########.##...........
#...........'...........
#+#####'#####......#..#.
#..#.÷#@.##...........
#..†..)†r#####'#####++
##+####'###.......#
#........##.......#
#........##.......#
#####+#####...<...#
#.......# #.......#
#.......#


You could see a river rat.

Vanquished Creatures
  A gnoll (D)
  An ooze (D)
  An adder skeleton (D)
  A leopard gecko (D)
  A ball python (D)
  A quokka (D)
  A bat (D)
  A kobold (D)
8 creatures vanquished.

Notes
Turn   | Place    | Note
-------+----------+-------------------------------------------
     0 | D        | potatolord6000 the Tengu Conjurer began the quest for the Orb.
     0 | D        | Reached XP level 1. HP: 10/10 MP: 4/4
    49 | D        | Found a bloodstained altar of Trog.
    49 | D        | Found a deep blue altar of Sif Muna.
    49 | D        | Found a viscous altar of Jiyva.
    49 | D        | Found a hazy altar of Hepliaklqana.
    49 | D        | Found an opulent altar of Gozag.
    50 | D        | Found a glowing golden altar of the Shining One.
    50 | D        | Found a glowing silver altar of Zin.
    50 | D        | Found a basalt altar of Yredelemnul.
    50 | D        | Found a shimmering altar of Xom.
    50 | D        | Found an ornate altar of the Wu Jian Council.
    50 | D        | Found a sacrificial altar of Ru.
    50 | D        | Found a stormy altar of Qazlal.
    50 | D        | Found an iron altar of Okawaru.
    50 | D        | Found a sparkling altar of Nemelex Xobeh.
    50 | D        | Found a burning altar of Makhleb.
    50 | D        | Found a blossoming altar of Fedhas.
    50 | D        | Found a white marble altar of Elyvilon.
    50 | D        | Found a shadowy altar of Dithmenos.
    50 | D        | Found a snail-covered altar of Cheibriados.
    53 | D        | Found a corrupted altar of Lugonu.
    53 | D        | Found a radiant altar of Vehumet.
    53 | D        | Found a roughly hewn altar of Beogh.
    54 | D        | Found an ancient bone altar of Kikubaaqudgha.
    54 | D        | Found a hide-covered altar of Uskayaw.
    54 | D        | Found a shattered altar of Ashenzari.
    55 | D        | Became a worshipper of Sif Muna the Loreminder
   339 | D        | Reached skill level 1 in Fighting
   339 | D        | Reached skill level 6 in Conjurations
   339 | D        | Reached XP level 2. HP: 9/16 MP: 6/6
   467 | D        | Learned a level 2 spell: Searing Ray
   511 | D        | Noticed a phantom
   520 | D        | Reached skill level 1 in Long Blades
   521 | D        | Reached * piety under Sif Muna
   521 | D        | Reached XP level 3. HP: 7/20 MP: 2/8
   522 | D        | Slain by a river rat

Vault maps used:
D:        pitsprint

Skill      XL: |  1  2 |
---------------+-------+-----
Fighting       | 1 |  1.6
Dodging        | 3 |  3.6
Conjurations   | 6 |  6.5
Spellcasting   | 3 |  3.2
Long Blades    | 1 |  1.8
Stealth        | |  2.0

Action                   || total
-------------------------++-------
Melee: Falchion          ||     9
       Unarmed           ||     5
       Peck              ||     5
       Kick              ||     5
 Cast: Searing Ray       ||     2
  Use: Potion            ||     2
 Stab: Sleeping          ||     1
Armor: Robe              ||     3
Dodge: Dodged            ||    14
       Rpst.: Falchion   ||     5

Table legend:
 A = Spawn XP
 B = Non-spawn XP
 C = Spawn XP percentage of total XP
 D = Spawn monster count
 E = Non-spawn monster count
 F = Spawn count percentage of total count
 G = Total turns spent on level
                    A         B        C        D         E        F      G
               +---------+---------+-------+---------+---------+-------+---------
         Total |       0 |      35 |   0.0 |       0 |       8 |   0.0 |   522
               +---------+---------+-------+---------+---------+-------+---------
             D |       0 |      35 |   0.0 |       0 |       8 |   0.0 |   522
               +---------+---------+-------+---------+---------+-------+---------
